 Dungeon Crawl Stone Soup version 0.19-a0-1051-gdb7e7f8 (webtiles) character file.

136297 Jmtri7 the Executioner (level 17, -6/162 HPs)
             Began as a Hill Orc Berserker on Aug 1, 2016.
             Was the Champion of Trog.
             Killed from afar by a shock serpent (21 damage)
             ... with a bolt of electricity
             ... on level 2 of the Lair of Beasts.
             The game lasted 02:51:56 (25902 turns).

Jmtri7 the Executioner (Hill Orc Berserker)        Turns: 25902, Time: 02:51:58

Health: -6/162     AC: 25    Str: 37    XL:     17   Next: 21%
Magic:  15/15      EV:  6    Int:  7    God:    Trog [******]
Gold:   1321       SH:  0    Dex:  9    Spells: 0 memorised, 16 levels left

rFire  . . .     SeeInvis .     L - +2 battleaxe (distort)
rCold  . . .     Gourm    .     p - +0 plate armour of the Oligarchy {rF- Str+6}
rNeg   . . .     Faith    .     (shield currently unavailable)
rPois  .         Spirit   .     g - +2 hat
rElec  .         Dismiss  .     Q - +1 cloak
rCorr  .         Reflect  .     (no gloves)
SustAt .         Harm     .     (no boots)
MR     +....                    h - amulet of regeneration
Stlth  ..........               s - ring "Wogasch" {+Inv Str+4 Stlth+}
                                t - ring of protection from fire

@: exhausted, slowed, constricted, very slow, somewhat resistant to hostile
enchantments, extremely unstealthy
A: antennae 1, hooves 1, rough black scales 1, yellow scales 1, low mp 1
a: Berserk, Trog's Hand, Brothers in Arms, Burn Spellbooks, Renounce Religion,
Evoke Invisibility


You were on level 2 of the Lair of Beasts.
You worshipped Trog.
Trog was exalted by your worship.
You were near starving.

You visited 5 branches of the dungeon, and saw 25 of its levels.
You also visited: Ice Cave.

You collected 2858 gold pieces.
You spent 1537 gold pieces at shops.

Inventory:

Hand Weapons
 B - the +7 broad axe of Uteremas {freeze, *Rage rF+++ MR+ Stlth+}
   (Trog gifted it to you on level 4 of the Lair of Beasts)

   It has been specially enchanted to freeze those struck by it, causing extra
   injury to most foes and up to half again as much damage against particularly
   susceptible opponents.
   It can also slow down cold-blooded creatures.
   It renders you almost immune to fire.
   It affects your resistance to hostile enchantments.
   It may make you go berserk in combat.
   It makes you more stealthy.
 L - a +2 battleaxe of distortion (weapon)
 M - a +7 antimagic executioner's axe
 P - a +5 executioner's axe of freezing
Armour
 g - a +2 hat (worn)
 l - a +0 storm dragon armour
 o - a +0 fire dragon armour
 p - the +0 plate armour of the Oligarchy (worn) {rF- Str+6}
   (You found it on level 4 of the Lair of Beasts)

   It affects your strength (+6).
   It makes you vulnerable to fire.
 I - the +3 robe of Free Expression {*Contam rN+++ Slay+6}
   (You found it on level 15 of the Dungeon)

   It affects your accuracy and damage with ranged weapons and melee attacks
   (+6).
   It renders you almost immune to negative energy.
   It causes magical contamination when unequipped.
 Q - a +1 cloak (worn)
 R - a +5 plate armour of poison resistance
Jewellery
 h - an amulet of regeneration (around neck)
 s - the ring "Wogasch" (right hand) {+Inv Str+4 Stlth+}
   (You found it on level 5 of the Dungeon)

   [ring of stealth]

   It affects your strength (+4).
   It lets you turn invisible.
   It makes you more stealthy.
 t - a ring of protection from fire (left hand)
 K - an uncursed amulet of guardian spirit
 V - an uncursed amulet of the gourmand
Wands
 j - a wand of digging (12/24)
 m - a wand of enslavement (10/24)
 D - a wand of confusion (31/48)
 G - a wand of disintegration (12/24)
 N - a wand of paralysis (5/24)
Scrolls
 a - 5 scrolls of remove curse
 d - 7 scrolls of teleportation
 e - a scroll of blinking
 i - a scroll of silence
 x - 2 scrolls of fear
 z - 4 scrolls of recharging
 E - 4 scrolls of fog
 O - a scroll of magic mapping
Potions
 f - 5 potions of curing
 k - 3 potions of might
 r - a potion of cure mutation
 u - 4 potions of ambrosia
 v - 2 potions of brilliance
 w - 5 potions of agility
 A - 2 potions of magic {unknown}
 C - 2 potions of lignification
 S - a potion of berserk rage
 T - 2 potions of heal wounds
 W - a potion of cancellation {unknown}
 X - 2 potions of invisibility
 Z - 2 potions of degeneration {unknown}
Miscellaneous
 H - a fan of gales
 J - a lamp of fire
 Y - a disc of storms
Comestibles
 b - 20 meat rations
 c - 19 bread rations
 q - 4 slices of pizza
 y - 2 beef jerkies
 F - 11 fruits


   Skills:
 - Level 17.4 Fighting
 + Level 25.7 Axes
 - Level 15.0 Armour
 - Level 1.5 Dodging


You had 16 spell levels left.
You didn't know any spells.

Dungeon Overview and Level Annotations

Branches:
Dungeon (15/15)            Temple (1/1) D:4            Lair (6/6) D:9
  Swamp (0/4) Lair:3        Snake (1/4) Lair:2        Slime (0/5) Lair:6
    Orc (2/2) D:10            Elf (0/3) Orc:2        Vaults (0/5) D:14
 Depths (0/5) D:15

Altars:
Ashenzari
Cheibriados
Dithmenos
Elyvilon
Fedhas
Gozag
Hepliaklqana
Kikubaaqudgha
Makhleb
Nemelex Xobeh
Okawaru
Pakellas
Qazlal
Ru
Sif Muna
Trog
Uskayaw
Vehumet
Xom
Yredelemnul
Zin
The Shining One
Beogh
Jiyva

Shops:
D:4 [   D:13 %   Orc:2 =[*[

Annotations:
D:10 exclusion: ice statue
Lair:2 Aizul


Innate Abilities, Weirdness & Mutations

You have a pair of small antennae on your head.
You have large cloven feet.
You are partially covered in rough black scales. (AC +2, Dex -1)
You are partially covered in yellow scales. (AC +2)
Your magical capacity is low. (-10% MP)


Message History

Helpless, you fail to dodge the bolt of electricity.
* * * LOW HITPOINT WARNING * * *
The naga mage hits you from afar with an enchanted spear.
* * * LOW HITPOINT WARNING * * *
Aizul hits you but does no damage.
The shock serpent bites you but does no damage.
The naga mage hits you but does no damage.
You hear a shout!
You climb upwards.
Welcome back to the Lair of Beasts!
* * * LOW HITPOINT WARNING * * *
You feel very sick.
There is a staircase to the Snake Pit here.
You feel better. The anaconda grabs you.
The anaconda bites you but does no damage.
The anaconda constricts you. Aizul hits you but does no damage.
The shock serpent shoots out a bolt of lightning at you!
The bolt of electricity hits you!
* * * LOW HITPOINT WARNING * * *
The bolt of electricity hits you!
You die...

....##..#.###.....##..# ###+###.#
....#...#.....(...#.).###....#..#
....#....#........#....##../.#P..
#.#.##...#.........#..###...##...
.#.##...P#.........+..###..#.##..
........P###.#.####...#.#.....###
.........#P##.'#.##...#..##.##.#.
...............S.......+.........
...............S@..........⌠.....
................S......+.........
.......................#..####.#.
.........#P..##.##....###.....#.#
.###.....####..##....####...##..#
....#....#......#............#..#
..........#.....##...##.........#
....#...........#....#........#.#
.........#......##...P........#.#


You could see Aizul, an anaconda and a shock serpent.

Vanquished Creatures
  Gastronok (D:8)
  Kirke (Lair:5)
  A fire giant (D:15)
  An orc warlord (Orc:2)
  A frost giant (IceCv)
  Louise (D:14)
  The ghost of MrDNA the Fighter, a journeyman HOCK of Xom (Orc:2)
  An ettin (Orc:2)
  Snorg (Lair:3)
  A fire dragon (D:15)
  An ice dragon (D:15)
  Fannar (Orc:1)
  Harold (Lair:3)
  A rakshasa (D:14)
  2 catoblepae
  13 hydras
  5 centaur warriors
  3 death knights
  A deep troll shaman (Lair:6)
  3 tengu warriors
  23 death yaks
  5 orc high priests (Orc:2)
  A skeletal warrior (D:12)
  The ghost of suduhmizer the Spear-Bearer, a novice MfGl of Okawaru (D:8)
  A naga ritualist (Snake:1)
  9 hill giants
  A swamp dragon (shapeshifter) (D:15)
  A phantasmal warrior (D:14)
  A deep troll (D:14)
  6 orc knights
  A necromancer (D:14)
  2 deep elf magi (D:15)
  A griffon (D:13)
  6 orc sorcerers
  An oklob plant (Lair:3)
  A manticore (D:14)
  19 ugly things
  15 elephants
  A centaur zombie (D:14)
  3 cyclopes
  The ghost of badtown the Vexing, a novice KoEn of Ashenzari (D:5)
  Joseph (D:8)
  9 black mambas
  2 centaur skeletons
  A naga mage (Snake:1)
  An ice statue (IceCv)
  9 spiny frogs
  7 komodo dragons
  A rime drake (Lair:5)
  2 freezing wraiths
  3 kobold demonologists
  A tengu conjurer (D:13)
  A troll (shapeshifter) (D:15)
  11 trolls
  A merfolk (D:12)
  13 blink frogs
  3 meliai (D:15)
  11 polar bears
  6 two-headed ogres
  Prince Ribbit (Lair:3)
  3 hornet zombies (D:15)
  A meliai zombie (D:13)
  9 slime creatures
  4 shadows
  4 wyverns
  4 basilisks
  53 yaks
  4 wraiths
  A steam dragon (D:9)
  6 hogs (Lair:5)
  2 hungry ghosts
  2 hippogriffs (shapeshifter) (D:14)
  7 vampire mosquitoes
  Grum (D:8)
  15 hippogriffs
  A mottled dragon (D:13)
  5 wargs
  A naga (Snake:1)
  A soldier ant (D:12)
  14 water moccasins
  Duvessa (D:7)
  6 porcupines
  2 ice beasts
  42 orc warriors
  3 sky beasts
  3 eyes of draining
  4 black bears
  4 phantoms
  15 ogres
  A necrophage (D:9)
  30 wolves
  6 centaurs
  15 crocodiles
  2 big kobolds
  16 giant frogs
  A gnoll sergeant (D:7)
  A wyvern zombie (D:11)
  Dowan (D:7)
  3 scorpions
  3 howler monkeys (D:12)
  13 wights
  A vampire bat (D:5)
  4 electric eels
  4 crimson imps
  A giant frog zombie (D:5)
  A quasit (D:13)
  6 jellies
  35 orc priests
  7 hounds
  19 orc wizards
  A giant frog skeleton (D:13)
  10 iguanas
  12 worker ants
  42 sheep
  A hound skeleton (D:8)
  6 adders
  15 gnolls
  50 river rats
  7 shadow imps
  An ooze (D:2)
  An adder skeleton (D:8)
  An adder zombie (D:9)
  4 worms (D:2)
  3 dart slugs
  5 giant geckos
  92 orcs
  3 ball pythons
  3 bat skeletons (D:5)
  3 bat zombies (D:5)
  A giant cockroach (D:1)
  10 goblins
  13 hobgoblins
  4 jackals (D:2)
  10 kobolds
  4 quokkas
  7 bats (D:1)
  A giant gecko zombie (D:8)
  4 giant newts
  4 goblin skeletons (D:6)
  A hobgoblin zombie (D:6)
  A jackal skeleton (D:5)
  2 kobold skeletons (D:6)
  An orc zombie (D:6)
  9 rats
  A bush (Lair:3)
  12 fungi
  5 plants
963 creatures vanquished.

Vanquished Creatures (others)
  3 death yaks (Lair:6)
  A rime drake (IceCv)
  2 polar bears (IceCv)
  A boulder beetle (Lair:6)
  3 yaks (IceCv)
  A wolf (IceCv)
  8 fungi
  9 plants
28 creatures vanquished.

Grand Total: 991 creatures vanquished

Notes
Turn   | Place    | Note
-------+----------+-------------------------------------------
     0 | D:1      | Jmtri7 the Hill Orc Berserker began the quest for the Orb.
     0 | D:1      | Reached XP level 1. HP: 19/19 MP: 1/1
    96 | D:1      | Reached XP level 2. HP: 27/27 MP: 2/2
   448 | D:1      | Reached ** piety under Trog
   632 | D:1      | Found a shattered altar of Ashenzari.
   672 | D:1      | Reached XP level 3. HP: 32/33 MP: 3/3
  1116 | D:1      | Reached skill level 5 in Axes
  1116 | D:1      | Reached XP level 4. HP: 30/41 MP: 4/4
  1284 | D:2      | Reached skill level 5 in Fighting
  1530 | D:2      | Found an opulent altar of Gozag.
  1958 | D:2      | Reached *** piety under Trog
  2145 | D:2      | Found an oddly glowing altar of Pakellas.
  2360 | D:3      | Reached XP level 5. HP: 48/48 MP: 5/5
  2496 | D:3      | Reached skill level 6 in Axes
  2598 | D:3      | Found a shadowy altar of Dithmenos.
  2775 | D:3      | Found a faded altar of an unknown god.
  2961 | D:4      | Found a staircase to the Ecumenical Temple.
  2991 | Temple   | Entered the Ecumenical Temple
  3184 | D:4      | Found Inketop's Antique Armour Boutique.
  3197 | D:4      | Bought a runed chain mail for 85 gold pieces
  3210 | D:4      | Bought a shiny ring mail for 76 gold pieces
  3370 | D:4      | Got a crude falchion
  3376 | D:4      | Identified the +12 falchion "Orc's Peril" {slice, Dex+2} (You found it on level 4 of the Dungeon)
  3454 | D:4      | Reached XP level 6. HP: 57/57 MP: 6/6
  3463 | D:5      | Entered Level 5 of the Dungeon
  3463 | D:5      | Noticed an ice beast
  3473 | D:5      | Killed an ice beast
  3612 | D:5      | Found an ancient bone altar of Kikubaaqudgha.
  3618 | D:5      | Reached XP level 7. HP: 66/66 MP: 7/7
  3738 | D:5      | Noticed badtown's ghost (novice KoEn)
  3759 | D:5      | Killed badtown's ghost
  3759 | D:5      | Reached skill level 5 in Armour
  3759 | D:5      | Reached XP level 8. HP: 71/75 MP: 8/8
  3880 | D:5      | Got a steaming platinum ring
  3972 | D:5      | Reached **** piety under Trog
  4011 | D:5      | Found a basalt altar of Yredelemnul.
  4110 | D:5      | Identified the ring "Wogasch" {+Inv Str+4 Stlth+} (You found it on level 5 of the Dungeon)
  4116 | D:5      | Gained mutation: You have a pair of small horns on your head. [potion of beneficial mutation]
  4340 | D:6      | Found a stormy altar of Qazlal.
  4492 | D:6      | Found a glowing golden altar of the Shining One.
  4689 | D:6      | Found a hide-covered altar of Uskayaw.
  4930 | D:7      | Reached skill level 10 in Fighting
  4954 | D:7      | Reached XP level 9. HP: 74/85 MP: 9/9
  4959 | D:7      | Found a radiant altar of Vehumet.
  4981 | D:7      | Noticed Duvessa
  4982 | D:7      | Noticed Dowan
  4987 | D:7      | Killed Duvessa
  4989 | D:7      | Killed Dowan
  5088 | D:7      | Reached ***** piety under Trog
  5171 | D:7      | Received a gift from Trog
  5259 | D:7      | You fall through a shaft for 2 floors!
  5363 | D:9      | Noticed a troll
  5414 | D:9      | Killed a troll
  5651 | D:9      | Found Retoapt's Armour Shop.
  5725 | D:9      | Found a staircase to the Lair.
  5733 | D:9      | Reached skill level 10 in Armour
  5733 | D:9      | Reached XP level 10. HP: 68/97 MP: 10/10
  6103 | D:8      | Found a hide-covered altar of Uskayaw.
  6103 | D:8      | Noticed Grum
  6110 | D:8      | Killed Grum
  6181 | D:8      | Found a flagged portal.
  6268 | D:8      | Noticed Joseph
  6281 | D:8      | Killed Joseph
  6532 | D:8      | Noticed suduhmizer's ghost (novice MfGl)
  6542 | D:8      | Killed suduhmizer's ghost
  6584 | D:8      | Found a white marble altar of Elyvilon.
  6586 | D:8      | Found a shattered altar of Ashenzari.
  6589 | D:8      | Found a deep blue altar of Sif Muna.
  6937 | D:8      | Noticed Gastronok
  6954 | D:8      | Killed Gastronok
  6954 | D:8      | Reached XP level 11. HP: 101/108 MP: 11/11
  7047 | D:8      | Found a bloodstained altar of Trog.
  7449 | D:10     | Entered Level 10 of the Dungeon
  7554 | D:10     | Found a staircase to the Orcish Mines.
  7843 | D:10     | Noticed a hill giant
  7848 | D:10     | Killed a hill giant
  7912 | D:10     | Noticed a death knight
  7919 | D:10     | Killed a death knight
  8244 | D:10     | Reached skill level 7 in Axes
  9074 | D:11     | Noticed a cyan ugly thing
  9082 | D:11     | Killed a cyan ugly thing
  9082 | D:11     | Reached skill level 8 in Axes
  9115 | D:11     | Reached skill level 15 in Fighting
  9123 | D:11     | Noticed a centaur warrior
  9142 | D:11     | Killed a centaur warrior
  9169 | D:11     | Reached XP level 12. HP: 96/119 MP: 12/12
  9524 | D:11     | Reached skill level 9 in Axes
  9799 | D:12     | Found a frozen archway.
  9808 | IceCv    | Entered an ice cave
 10017 | IceCv    | Reached skill level 10 in Axes
 10333 | IceCv    | Noticed a death yak
 10357 | IceCv    | Killed a death yak
 10357 | IceCv    | Reached skill level 11 in Axes
 10524 | IceCv    | Noticed a frost giant
 10524 | IceCv    | Noticed a death yak
 10549 | IceCv    | Killed a frost giant
 10549 | IceCv    | Reached XP level 13. HP: 93/130 MP: 13/13
 10841 | D:12     | Received a gift from Trog
 11205 | D:12     | HP: 4/130 [death knight/enchanted battleaxe (13)]
 11508 | D:12     | Reached skill level 12 in Axes
 11923 | D:12     | Reached skill level 15 in Armour
 12422 | D:13     | Got an encrusted ring mail
 12437 | D:13     | Identified the +3 ring mail "Xuv Liu" {Str+4 Int-5 Dex+2} (You found it on level 13 of the Dungeon)
 12447 | D:13     | Reached skill level 13 in Axes
 12508 | D:13     | Received a gift from Trog
 12740 | D:13     | Reached skill level 14 in Axes
 12769 | D:13     | Found Goomi's Food Boutique.
 12781 | D:13     | Bought a meat ration for 60 gold pieces
 12781 | D:13     | Bought a meat ration for 60 gold pieces
 12781 | D:13     | Bought a bread ration for 60 gold pieces
 12781 | D:13     | Bought a bread ration for 60 gold pieces
 12781 | D:13     | Bought a bread ration for 60 gold pieces
 13211 | D:14     | Reached XP level 14. HP: 140/140 MP: 14/14
 13339 | D:14     | Reached skill level 15 in Axes
 13450 | D:14     | Noticed Louise
 13458 | D:14     | Killed Louise
 13629 | D:14     | Reached skill level 16 in Axes
 13634 | D:14     | Received a gift from Trog
 13888 | D:14     | Found a gate to the Vaults.
 14221 | D:14     | Reached skill level 17 in Axes
 14833 | D:14     | Reached skill level 18 in Axes
 14938 | D:15     | Entered Level 15 of the Dungeon
 15152 | D:15     | Found a sacrificial altar of Ru.
 15295 | D:15     | Got a slimy robe
 15306 | D:15     | Identified the +3 robe of Free Expression {*Contam rN+++ Slay+6} (You found it on level 15 of the Dungeon)
 15326 | D:15     | Gained mutation: You are partially covered in rough black scales. (AC +2, Dex -1) [mutagenic glow]
 15709 | D:15     | Found a large runed door.
 15710 | D:15     | Found a large runed door.
 15799 | D:15     | Reached skill level 19 in Axes
 15850 | D:15     | Found a staircase to the Depths.
 15899 | D:15     | Found a white marble altar of Elyvilon.
 15953 | D:15     | Reached XP level 15. HP: 139/147 MP: 15/15
 15988 | D:15     | Found an ancient bone altar of Kikubaaqudgha.
 15988 | D:15     | Noticed a fire giant
 15997 | D:15     | Killed a fire giant
 15997 | D:15     | Received a gift from Trog
 16185 | D:15     | Found a shadowy altar of Dithmenos.
 16424 | Orc:1    | Entered Level 1 of the Orcish Mines
 16506 | Orc:1    | Noticed Fannar
 16523 | Orc:1    | Killed Fannar
 16603 | Orc:1    | Reached ****** piety under Trog
 16758 | Orc:2    | Entered Level 2 of the Orcish Mines
 16978 | Orc:2    | Reached skill level 20 in Axes
 17253 | Orc:2    | Noticed MrDNA's ghost (journeyman HOCK)
 17263 | Orc:2    | Killed MrDNA's ghost
 17320 | Orc:2    | Received a gift from Trog
 17359 | Orc:2    | Noticed an orc warlord
 17372 | Orc:2    | Killed an orc warlord
 17373 | Orc:2    | Found a roughly hewn altar of Beogh.
 17532 | Orc:2    | Found Avvaaff's Antique Armour Emporium.
 17573 | Orc:2    | Bought a distressingly furry scale mail for 288 gold pieces
 17583 | Orc:2    | Identified the +5 scale mail of the Orcish Mines {Str+2} (You bought it in a shop on level 2 of the Orcish Mines)
 17738 | Orc:2    | Found Viext's General Store.
 17772 | Orc:2    | Bought a meat ration for 65 gold pieces
 17772 | Orc:2    | Bought a meat ration for 65 gold pieces
 17854 | Orc:2    | Reached skill level 21 in Axes
 17904 | Orc:2    | Found a staircase to the Elven Halls.
 17968 | Orc:2    | Received a gift from Trog
 18190 | Orc:2    | Found a roughly hewn altar of Beogh.
 18262 | Orc:2    | Found Moxt's Jewellery Emporium.
 18273 | Orc:2    | Found Jeqodaul's Armour Shoppe.
 18288 | Orc:2    | Bought a +4 plate armour of poison resistance for 658 gold pieces
 18908 | Lair:1   | Entered Level 1 of the Lair of Beasts
 19887 | Lair:2   | Received a gift from Trog
 19964 | Lair:2   | Reached skill level 22 in Axes
 20037 | Lair:2   | Gained mutation: You regenerate slowly when monsters are visible. [potion of mutation]
 20037 | Lair:2   | Gained mutation: You are dopey. (Int -2) [potion of mutation]
 20037 | Lair:2   | Gained mutation: You are frail. (-10% HP) [potion of mutation]
 20038 | Lair:2   | Lost mutation: You have a pair of small horns on your head. [potion of cure mutation]
 20038 | Lair:2   | Lost mutation: You are frail. (-10% HP) [potion of cure mutation]
 20038 | Lair:2   | Lost mutation: You regenerate slowly when monsters are visible. [potion of cure mutation]
 20038 | Lair:2   | Lost mutation: You are dopey. (Int -2) [potion of cure mutation]
 20039 | Lair:2   | Gained mutation: You are partially covered in yellow scales. (AC +2) [potion of mutation]
 20039 | Lair:2   | Gained mutation: Your magical capacity is low. (-10% MP) [potion of mutation]
 20039 | Lair:2   | Gained mutation: You have a pair of small antennae on your head. [potion of mutation]
 20093 | Lair:2   | Found a staircase to the Snake Pit.
 20404 | Lair:3   | Found a labyrinth entrance.
 20431 | Lair:3   | Noticed Prince Ribbit
 20457 | Lair:3   | Killed Prince Ribbit
 20502 | Lair:3   | Found a staircase to the Swamp.
 20532 | Lair:3   | Noticed Harold
 20543 | Lair:3   | Killed Harold
 20629 | Lair:3   | Reached XP level 16. HP: 150/155 MP: 14/14
 20638 | Lair:3   | Gained mutation: You have large cloven feet. [potion of beneficial mutation]
 21019 | Lair:3   | Noticed Snorg
 21024 | Lair:3   | Killed Snorg
 22664 | Lair:4   | Received a gift from Trog
 22664 | Lair:4   | Reached skill level 23 in Axes
 22667 | Lair:4   | Got a pitted broad axe {god gift}
 22668 | Lair:4   | Identified the +7 broad axe of Uteremas {freeze, *Rage rF+++ MR+ Stlth+} (Trog gifted it to you on level 4 of the Lair of Beasts)
 22936 | Lair:4   | Got a warped plate armour
 22947 | Lair:4   | Identified the +0 plate armour of the Oligarchy {rF- Str+6} (You found it on level 4 of the Lair of Beasts)
 23874 | Lair:5   | Noticed Kirke
 23874 | Lair:5   | Received a gift from Trog
 23890 | Lair:5   | Killed Kirke
 24609 | Lair:6   | Entered Level 6 of the Lair of Beasts
 24648 | Lair:6   | Reached skill level 24 in Axes
 24873 | Lair:6   | Identified a scroll of acquirement
 24910 | Lair:6   | Received a gift from Trog
 25151 | Lair:6   | Reached skill level 25 in Axes
 25197 | Lair:6   | Reached XP level 17. HP: 110/162 MP: 15/15
 25463 | Lair:6   | Found a viscous altar of Jiyva.
 25464 | Lair:6   | Found a staircase to the Slime Pits.
 25878 | Snake:1  | Entered Level 1 of the Snake Pit
 25878 | Snake:1  | Noticed Aizul
 25902 | Lair:2   | Killed from afar by a shock serpent

Vault maps used:
D:1:      matt_arrival_los_fun, evilmike_ruin_ashenzari
D:2:      nicolae_gozag_cash_rules_everything_around_me, johnstein_pakellas_dig
D:3:      grunt_dithmenos_smoke, first_bread, ecumenical_altar_2
D:4:      serial_shops, nicolae_shop_trees
D:5:      kennysheep_vampire_church, lemuel_round_altar,
          minmay_a_box_with_orc_wizards_in_it
D:6:      kennysheep_mini_moat, kennysheep_little_box, dk_noncrumbling_2,
          nicolae_tso_besieged_by_evil
D:7:      serial_glass, glass_columns_c, glass_columns_a, basic_altar,
          uniq_duvessa
D:8:      old_standard_altar, grunt_temple_overflow_open, enter_bailey_2,
          basic_altar, uniq_gastronok, uniq_grum, uniq_joseph
D:9:      dpeg_lair_monsters, serial_shops, shop, st_stairs_10
D:10:     lemuel_ice_statue, orc_0_dummy
D:11:     cheibrodos_orc_bank
D:12:     serial_co_window_serial, co_window_of_opportunity_a,
          co_window_paths_a, co_window_paths_a, co_window_paths_a,
          co_window_paths_b, co_window_corner_b, co_window_2corner,
          co_window_broadway_b, co_window_corner_cb, co_window_cross_2,
          co_window_4corner_a, co_window_4corner_b, glass_columns_a,
          glass_columns_b, glass_columns_c, portal_ice_cave_entry_pillars_1,
          hangedman_fish_farm
D:13:     serial_shops, shop, minmay_joined_circles
D:14:     david_vaults_4, uniq_louise
D:15:     grunt_enter_depths_hoard, nicolae_ru_the_path_less_chosen,
          basic_altar, jmf_multi_god_temple2
Temple:   nicolae_temple_hex_pool
Lair:2:   dummy_snake_entry, minivault_26, infiniplex_staircase_pool,
          grunt_megastairs_1
Lair:3:   minmay_swamp_entry_swarm, lab_entry_generic, minmay_lair_oklob_bushes,
          serial_bayou_shore_a, uniq_prince_ribbit2, uniq_harold, uniq_snorg
Lair:4:   columned_hall_lemuel, bh_autumn_forest_stairs
Lair:5:   gammafunk_lair_bear_cave, uniq_kirke
Lair:6:   grunt_lair_end_beastmaster, slime_altar_1, grunt_megastairs_2
Snake:1:  basic_altar, serial_shops, nicolae_shop_crystal, shop,
          nicolae_shop_trees, nicolae_shop_overgrown_old_shop,
          nicolae_shop_stone, special_room, evilmike_ambush, minmay_shoptagon,
          uniq_aizul, uniq_nikola
Orc:1:    uniq_fannar
Orc:2:    pubby_orc_utopia, serial_shops
IceCv:    ice_cave_caverns_02

Skill      XL: |  1  2  3  4  5  6  7  8  9 10 11 12 13 14 15 16 |
---------------+-------------------------------------------------+-----
Fighting       | 4 5 7 8 10 12 13 15 16 17 | 17.4
Axes           | 5 6 8 11 14 19 22 25 | 25.7
Armour         | 3 5 7 10 11 13 14 15 | 15.0
Dodging        | |  1.5

Action                   |  1- 3 |  4- 6 |  7- 9 | 10-12 | 13-15 | 16-18 || total
-------------------------+-------+-------+-------+-------+-------+-------++-------
Melee: Hand axe          |   111 |   149 |       |       |       |       ||   260
       Falchion          |       |    46 |   185 |   138 |       |       ||   369
       Headbutt          |       |       |    29 |   138 |   171 |       ||   338
       Broad axe         |       |       |       |   376 |     4 |       ||   380
       Executioner's axe |       |       |       |       |   884 |   290 ||  1174
       Battleaxe         |       |       |       |       |     3 |   122 ||   125
       Kick              |       |       |       |       |       |   162 ||   162
Invok: Berserk           |     1 |     1 |     6 |    19 |    31 |     9 ||    67
       Burn Spellbooks   |       |     1 |     1 |     1 |     5 |     2 ||    10
Evoke: Wand              |       |       |       |     2 |     4 |       ||     6
       Fan of gales      |       |       |       |       |     1 |       ||     1
       Disc of storms    |       |       |       |       |       |     5 ||     5
  Use: Scroll            |     4 |     5 |     6 |     7 |    20 |     4 ||    46
       Potion            |       |     1 |     1 |     5 |    10 |     3 ||    20
  Eat: Chunk             |     2 |     9 |    13 |    32 |    64 |    19 ||   139
       Beef jerky        |       |       |       |     1 |       |       ||     1
       Meat ration       |       |       |       |     1 |       |       ||     1
       Pizza             |       |       |       |       |     2 |     2 ||     4
       Royal jelly       |       |       |       |       |       |     1 ||     1
Armor: Animal skin       |    10 |       |       |       |       |       ||    10
       Leather armour    |    48 |    43 |       |       |       |       ||    91
       Chain mail        |       |    49 |   103 |    54 |       |       ||   206
       Ring mail         |       |     4 |       |       |   113 |       ||   117
       Plate armour      |       |       |       |   334 |   388 |   359 ||  1081
Dodge: Dodged            |    82 |    99 |    84 |   251 |   375 |   220 ||  1111
